 Dungeon Crawl Stone Soup version 0.31-a0-174-g85c54bcb58 (webtiles) character file.

Game seed: 12966275615304194324

1313 qw the Cleaver (level 8, -1/49 HPs)
             Began as a Gargoyle Fighter on June 15, 2023.
             Was a Follower of Okawaru.
             Slain by a two-headed ogre
             ... wielding a +0 giant spiked club
              (3 damage)
             ... on level 6 of the Dungeon.
             The game lasted 00:02:34 (5020 turns).

qw the Cleaver (Gargoyle Fighter)                   Turns: 5020, Time: 00:02:34

Health: -1/49      AC: 23    Str: 23    XL:     8   Next: 58%
Magic:  10/11      EV: 10    Int:  8    God:    Okawaru [*.....]
Gold:   127        SH: 10    Dex:  9    Spells: 7/7 levels left

rFire   . . .        Y - +1 war axe
rCold   . . .        c - +0 buckler
rNeg    + . .        j - +0 chain mail
rPois   inf          k - +0 helmet
rElec   +            (no cloak)
rCorr   .            f - +0 pair of gloves
SInv    .            (no boots)
Will    .....        g - amulet of reflection Stlth
                     n - +4 ring of protection
HPRegen 0.28/turn    (no ring)
MPRegen 0.12/turn

%: reflection
@: about to teleport, heroic
A: sickness immunity, AC +5, negative energy resistance 1, electricity
resistance, torment resistance 1, petrification resistance
a: Renounce Religion, Heroism


You were on level 6 of the Dungeon.
You worshipped Okawaru.
Okawaru was aware of your devotion.
You visited 2 branches of the dungeon, and saw 7 of its levels.

You collected 344 gold pieces.
You spent 217 gold pieces at shops.


Innate Abilities, Weirdness & Mutations

You are immune to sickness and miasma.
Your stone body is resilient. (AC +5)
You are immune to poison.
You resist negative energy. (rN+)
You are resistant to electric shocks. (rElec)
You are resistant to unholy torment.
You are immune to petrification.


   Skills:
 - Level 5.0(10.0) Fighting
 - Level 8.0(13.0) Axes
 + Level 3.2(8.2) Armour
 - Level 1.3(6.3) Dodging
 - Level 3.2(8.2) Shields
 - Level 4.0 Invocations


You had 7 spell levels left.
You didn't know any spells.
Your spell library was empty.

Inventory:

Hand Weapons
 m - a +0 flail
 Y - a +1 war axe (weapon)
Armour
 c - a +0 buckler (worn)
 e - a +0 pair of boots
 f - a +0 pair of gloves (worn)
 j - a +0 chain mail (worn)
 k - a +0 helmet (worn)
 o - a +0 cloak
 q - a +1 ring mail of fire resistance
Jewellery
 g - an amulet of reflection (around neck)
 n - a +4 ring of protection (left hand)
Wands
 p - a wand of digging (4)
Scrolls
 a - 2 scrolls of teleportation
 h - 2 scrolls of identify
Potions
 b - a potion of degeneration {unknown}
 d - 2 potions of might
 i - a potion of mutation {unknown}
 l - 3 potions of curing

Dungeon Overview and Level Annotations

Branches:
Dungeon (6/15)             Temple (1/1) D:4

Altars:
Cheibriados
Fedhas
Hepliaklqana
Kikubaaqudgha
Makhleb
Nemelex Xobeh
Okawaru
Qazlal
Ru
Sif Muna
Trog
Vehumet
Wu Jian
Xom
Yredelemnul
The Shining One

Shops:
D:5 [


Message History

Enter note:
Enter note:
Enter note:
o - a +0 cloak
Enter note:
Enter note:
Enter note:
Enter note: You see here 9 stones.
A two-headed ogre comes into view.
It is wielding two +0 giant spiked clubs.
Found 4 gold pieces.
The two-headed ogre shouts in stereo!
Enter note:
Enter note:
Enter note:
Enter note:
5011 ||| INVOKING Heroism.
You gain the combat prowess of a mighty hero.
You slash the two-headed ogre!
The two-headed ogre is moderately wounded.
You slash the two-headed ogre!
The two-headed ogre is severely wounded.
The two-headed ogre hits you with a +0 giant spiked club!
The two-headed ogre hits you with a +0 giant spiked club!!
You barely miss the two-headed ogre.
The two-headed ogre is severely wounded.
The two-headed ogre misses you. You block the two-headed ogre's attack.
You hit the two-headed ogre.
The two-headed ogre is severely wounded.
You slash the two-headed ogre!
The two-headed ogre is almost dead.
The two-headed ogre hits you with a +0 giant spiked club!
The two-headed ogre hits you with a +0 giant spiked club.
5019 ||| READING 3 scrolls of teleportation.
As you read the scroll of teleportation, it crumbles to dust.
You feel strangely unstable.
You hit the two-headed ogre.
The two-headed ogre is almost dead.
The two-headed ogre hits you with a +0 giant spiked club.
You die...

######..##.##..#####
# #..##.........###
#..#####...##....
#............####
#................
##.###...........
#######...##.##.
#####.## #...##.##.
#.@..(.# ######.##.
#O###.## #.### #.
#.# #.# #. #.# #.#
#$ #.# #.# #. #.#
#.# #. #.# #.# #.
#.# #.# #.# #.#


You could see a two-headed ogre.

Vanquished Creatures
  Prince Ribbit (D:6)
  Menkaure (D:4)
  A water moccasin (D:5)
  An ogre (D:5)
  A phantom (D:6)
  2 scorpions
  3 orc priests (D:5)
  4 hounds
  An iguana (D:5)
  6 orc wizards
  Robin (D:2)
  9 adders
  3 gnolls (D:5)
  2 ufetubi (D:6)
  2 worms (D:4)
  A dart slug (D:1)
  17 orcs
  7 endoplasms
  3 giant cockroaches (D:1)
  11 hobgoblins
  5 kobolds
  5 quokkas
  4 ball pythons
  7 bats
  A frilled lizard (D:3)
  14 goblins
  6 rats
119 creatures vanquished.

Notes
Turn   | Place    | Note
-------+----------+-------------------------------------------
     0 | D:1      | qw the Gargoyle Fighter began the quest for the Orb.
     0 | D:1      | Reached XP level 1. HP: 14/14 MP: 1/1
     0 | D:1      | 0 ||| qw: Version: 0.2-a-29-g511e9b1
     0 | D:1      | 0 ||| qw: Game counter: 5182
     0 | D:1      | 0 ||| qw: Always use a shield: true
     0 | D:1      | 0 ||| qw: God list: Okawaru
     0 | D:1      | 0 ||| qw: Allow faded altars: false
     0 | D:1      | 0 ||| qw: Do Orc after D:15 true
     0 | D:1      | 0 ||| qw: Do second Lair branch before Depths: true
     0 | D:1      | 0 ||| qw: Lair rune preference: random
     0 | D:1      | 0 ||| qw: Plans: Normal, Zot:1-4, Slime:5, God:TSO, Crypt,
                  | Tomb, Abyss, Pan, Hells, Win
     0 | D:1      | 0 ||| PLANNING D:1-11
   103 | D:1      | Reached skill level 2 in Axes
   243 | D:1      | Reached XP level 2. HP: 19/19 MP: 2/2
   250 | D:1      | 250 ||| Stepping ~*~*~tactically~*~*~ (stealth).
   251 | D:1      | 251 ||| Stepping ~*~*~tactically~*~*~ (stealth).
   906 | D:1      | 906 ||| UPGRADING to +0 pair of gloves.
   911 | D:1      | 911 ||| READING 2 scrolls labelled VOQEICRIFO.
   915 | D:1      | 915 ||| READING 2 scrolls labelled CASKAN ULLUBUREL.
   947 | D:2      | Reached skill level 3 in Axes
   948 | D:2      | 948 ||| FLEEEEING.
   949 | D:2      | 949 ||| STAIRDANCE
   976 | D:2      | Reached XP level 3. HP: 23/23 MP: 3/3
  1325 | D:2      | Reached XP level 4. HP: 28/28 MP: 4/4
  1443 | D:2      | Noticed Robin
  1457 | D:2      | Killed Robin
  1458 | D:2      | Reached skill level 4 in Axes
  1895 | D:2      | 1895 ||| UPGRADING to +0 helmet.
  1900 | D:2      | 1900 ||| UPGRADING to amulet of reflection.
  1905 | D:2      | 1905 ||| READING scroll labelled CULOT MUSUI.
  1985 | D:3      | 1985 ||| Stepping ~*~*~tactically~*~*~ (stealth).
  2001 | D:3      | 2001 ||| FLEEEEING.
  2002 | D:3      | 2002 ||| FLEEEEING.
  2003 | D:3      | 2003 ||| FLEEEEING.
  2004 | D:3      | 2004 ||| FLEEEEING.
  2005 | D:3      | 2005 ||| FLEEEEING.
  2006 | D:3      | 2006 ||| FLEEEEING.
  2007 | D:3      | 2007 ||| FLEEEEING.
  2008 | D:3      | 2008 ||| FLEEEEING.
  2025 | D:3      | Reached XP level 5. HP: 32/32 MP: 5/5
  2088 | D:3      | 2088 ||| FLEEEEING.
  2090 | D:3      | 2090 ||| FLEEEEING.
  2091 | D:3      | 2091 ||| FLEEEEING.
  2213 | D:3      | Found a faded altar of an unknown god.
  2282 | D:3      | 2282 ||| Stepping ~*~*~tactically~*~*~ (stealth).
  2425 | D:3      | Found a snail-covered altar of Cheibriados.
  2696 | D:3      | Identified the +3 sling of Defiance {heavy, rC+ Will++}
  2763 | D:3      | Reached skill level 5 in Axes
  2770 | D:3      | 2770 ||| READING 3 scrolls of identify.
  2770 | D:3      | 2770 ||| IDENTIFYING smoky white potion
  2771 | D:3      | 2771 ||| READING 2 scrolls of identify.
  2771 | D:3      | 2771 ||| IDENTIFYING fuming grey potion
  2772 | D:3      | 2772 ||| DROPPING potion of brilliance.
  2773 | D:3      | 2773 ||| DROPPING potion of enlightenment.
  2787 | D:4      | Noticed Menkaure
  2788 | D:4      | 2788 ||| Stepping ~*~*~tactically~*~*~ (hiding).
  2791 | D:4      | 2791 ||| Stepping ~*~*~tactically~*~*~ (hiding).
  2800 | D:4      | Killed Menkaure
  2801 | D:4      | Reached XP level 6. HP: 23/40 MP: 6/6
  2807 | D:4      | 2807 ||| FLEEEEING.
  2808 | D:4      | 2808 ||| FLEEEEING.
  2809 | D:4      | 2809 ||| FLEEEEING.
  2810 | D:4      | 2810 ||| STAIRDANCE
  2875 | D:4      | Reached skill level 1 in Dodging
  2911 | D:4      | 2911 ||| DROPPING +0 whip.
  3134 | D:4      | Found a staircase to the Ecumenical Temple.
  3135 | D:4      | 3135 ||| PLANNING TEMPLE
  3135 | D:4      | 3135 ||| UPGRADING to +0 chain mail.
  3145 | D:4      | 3145 ||| DROPPING +0 scale mail.
  3146 | D:4      | 3146 ||| UPGRADING to +4 ring of protection.
  3147 | D:4      | 3147 ||| READING scroll labelled KUSTRI SUYN EXT.
  3148 | D:4      | 3148 ||| DRINKING 4 murky black potions.
  3158 | Temple   | Entered the Ecumenical Temple
  3184 | Temple   | 3184 ||| PLANNING OKAWARU WORSHIP
  3312 | Temple   | Became a worshipper of Warmaster Okawaru
  3313 | Temple   | 3313 ||| PLANNING D:1-11
  3399 | D:4      | 3399 ||| DROPPING +0 whip of venom.
  3430 | D:4      | Reached XP level 7. HP: 42/44 MP: 7/7
  3516 | D:4      | Found a hazy altar of Hepliaklqana.
  3519 | D:4      | Found a blossoming altar of Fedhas.
  3524 | D:4      | Found a sacrificial altar of Ru.
  3613 | D:5      | Entered Level 5 of the Dungeon
  3620 | D:5      | Reached skill level 6 in Axes
  3724 | D:5      | Reached * piety under Okawaru
  3754 | D:5      | 3754 ||| DROPPING +0 mace.
  3778 | D:5      | Reached skill level 1 in Invocations
  3925 | D:5      | 3925 ||| INVOKING Heroism.
  3952 | D:5      | Reached XP level 8. HP: 48/48 MP: 9/9
  4079 | D:5      | Reached skill level 7 in Axes
  4131 | D:5      | Found Vial's Antique Armour Shop.
  4140 | D:5      | 4140 ||| BUYING glowing ring mail (217 gold).
  4140 | D:5      | Bought a glowing ring mail for 217 gold pieces
  4140 | D:5      | 4140 ||| SHOPLISTING glowing troll leather armour (558
                  | gold, have 30).
  4140 | D:5      | 4140 ||| SHOPLISTING runed plate armour (806 gold, have
                  | 30).
  4456 | D:5      | 4456 ||| READING scroll labelled HEORPH QYOXINATY.
  4457 | D:5      | 4457 ||| READING scroll labelled REDEILE OSACW.
  4458 | D:5      | 4458 ||| READING scroll labelled RUROT GEKU.
  4472 | D:6      | Reached skill level 3 in Invocations
  4528 | D:6      | 4528 ||| Stepping ~*~*~tactically~*~*~ (hiding).
  4585 | D:6      | 4585 ||| Stepping ~*~*~tactically~*~*~ (stealth).
  4700 | D:6      | 4700 ||| FLEEEEING.
  4703 | D:6      | 4703 ||| FLEEEEING.
  4704 | D:6      | 4704 ||| FLEEEEING.
  4705 | D:6      | 4705 ||| FLEEEEING.
  4706 | D:6      | 4706 ||| FLEEEEING.
  4707 | D:6      | 4707 ||| FLEEEEING.
  4708 | D:6      | 4708 ||| FLEEEEING.
  4709 | D:6      | 4709 ||| FLEEEEING.
  4728 | D:6      | 4728 ||| DRINKING 3 potions of curing.
  4728 | D:6      | 4728 ||| (to cure confusion)
  4734 | D:6      | 4734 ||| Stepping ~*~*~tactically~*~*~ (stealth).
  4777 | D:6      | Noticed Prince Ribbit
  4778 | D:6      | 4778 ||| INVOKING Heroism.
  4790 | D:6      | Killed Prince Ribbit
  4791 | D:6      | Reached skill level 8 in Axes
  5010 | D:6      | Noticed a two-headed ogre
  5011 | D:6      | 5011 ||| INVOKING Heroism.
  5018 | D:6      | HP: 5/49 [two-headed ogre/+0 giant spiked club (11)]
  5018 | D:6      | HP: 1/49 [two-headed ogre/+0 giant spiked club (4)]
  5019 | D:6      | 5019 ||| READING 3 scrolls of teleportation.
  5020 | D:6      | Slain by a two-headed ogre

Levels and vault maps discovered:
D:1:      dpeg_arrival_rooms_b, layout_basic, serial_forest,
          infiniplex_forest_lined_3, infiniplex_forest_pool,
          infiniplex_forest_clump_large, infiniplex_forest_diagonal,
          infiniplex_forest_end_2, infiniplex_forest_clump_tiny,
          infiniplex_forest_clump_double, infiniplex_forest_lined_2
D:2:      layout_basic, uniq_robin
D:3:      layout_basic, chei_slow_surprise,
          hellmonk_ecumenical_altar_heavens_door
D:4:      layout_cave_pools, grunt_temple_overflow_diamond,
          minmay_temple_entry_stoned_glass, uniq_menkaure
D:5:      layout_gridville, serial_shops, shop
D:6:      layout_loops_ring, uniq_prince_ribbit1
Temple:   hellmonk_temple_flake

Skill      XL: |  1  2  3  4  5  6  7  8 |
---------------+-------------------------+-----
Axes           | 2 3 4 5 6 8 |  8.0
Fighting       | 4 5 |  5.0
Dodging        | 1 |  1.3
Invocations    | 2 4 |  4.0
Armour         | |  3.2
Shields        | |  3.2

Action                     |  1- 3 |  4- 6 |  7- 9 || total
---------------------------+-------+-------+-------++-------
  Melee: War axe           |    82 |   155 |   137 ||   374
  Throw: Boomerang         |       |     3 |       ||     3
 Invoke: Heroism           |       |       |     3 ||     3
    Use: Scroll            |     2 |     4 |     4 ||    10
         Potion            |       |     1 |     1 ||     2
 Armour: Scale mail        |    46 |    70 |       ||   116
         Chain mail        |       |     5 |    69 ||    74
  Dodge: Dodged            |    43 |    43 |    32 ||   118
  Block: Buckler           |    15 |    44 |    72 ||   131

Table legend:
 A = Non-vault XP
 B = Vault XP
 C = Vault XP percentage of total XP
 D = Non-vault monster count
 E = Vault monster count
 F = Vault count percentage of total count
                 A         B        C        D         E       F
            +---------+---------+-------+---------+---------+-------
      Total |    1429 |     447 |  23.8 |     111 |       8 |   6.7
            +---------+---------+-------+---------+---------+-------
        D:1 |      29 |       0 |   0.0 |      16 |       0 |   0.0
        D:2 |      77 |      24 |  23.8 |      24 |       6 |  20.0
        D:3 |     107 |       0 |   0.0 |      25 |       0 |   0.0
        D:4 |     233 |     172 |  42.5 |      15 |       1 |   6.2
        D:5 |     649 |       0 |   0.0 |      17 |       0 |   0.0
        D:6 |     334 |     251 |  42.9 |      14 |       1 |   6.7
            +---------+---------+-------+---------+---------+-------
